 Dungeon Crawl Stone Soup version 0.29-a0-283-ga02f740833 (webtiles) character file.

Game seed: 11412277512449858197

17 sammy202020 the Skirmisher (level 2, 0/40 HPs)
             Began as a Minotaur Berserker on Mar 14, 2022.
             Was a Follower of Trog.
             Slain by a quokka (3 damage)
             ... on level 1 of the Dungeon.
             The game lasted 00:00:22 (248 turns).

sammy202020 the Skirmisher (Minotaur Berserker)      Turns: 248, Time: 00:00:23

Health: 0/40       AC:  2    Str: 21    XL:     2   Next: 44%
Magic:  1/1        EV: 12    Int:  4    God:    Trog [*.....]
Gold:   11         SH:  0    Dex:  9    Spells: 1/1 levels left

rFire   . . .      SeeInvis .   a - +0 hand axe
rCold   . . .      Faith    .   (no shield)
rNeg    . . .      Spirit   .   b - +0 animal skin
rPois   .          Reflect  .   (helmet restricted)
rElec   .          Harm     .   (no cloak)
rCorr   .          Rampage  .   (no gloves)
Will    .....                   (no boots)
Stlth   ..........              (no amulet)
HPRegen 0.13/turn               (no ring)
MPRegen 0.07/turn               (no ring)

@: berserking, lethally poisoned (0 -> -4), very quick
A: horns 2, retaliatory headbutt
a: Renounce Religion, Berserk


You were on level 1 of the Dungeon.
You worshipped Trog.
Trog was aware of your devotion.
You visited 1 branch of the dungeon, and saw 1 of its levels.

You collected 11 gold pieces.

Inventory:

Hand Weapons
 a - a +0 hand axe (weapon)
Armour
 b - a +0 animal skin (worn)
Potions
 c - a potion of berserk rage {unknown}
 d - a potion of attraction {unknown}
 e - a potion of haste {unknown}


   Skills:
 * Level 4.0 Fighting
 * Level 3.9 Axes
 * Level 2.9 Armour
 + Level 2.4 Dodging


You had one spell level left.
You didn't know any spells.
Your spell library was empty.

Dungeon Overview and Level Annotations

Branches:
Dungeon (1/15)

Altars:


Innate Abilities, Weirdness & Mutations

You have a pair of horns on your head.
You reflexively headbutt those who attack you in melee.


Message History

You are too injured to fight recklessly!
You are too injured to fight recklessly!
You are too injured to fight recklessly!
You are too injured to fight recklessly!
You are too injured to fight recklessly!
You are too injured to fight recklessly!
You are too injured to fight recklessly!
You are too injured to fight recklessly!
You are too injured to fight recklessly!
You are too injured to fight recklessly!
You are too injured to fight recklessly!
You are too injured to fight recklessly!
You are too injured to fight recklessly!
You are too injured to fight recklessly!
You are too injured to fight recklessly!
Unknown command.
* * * LOW HITPOINT WARNING * * *
You feel very sick.
A red film seems to cover your vision as you go berserk!
You feel yourself moving faster!
You feel mighty!
* * * LOW HITPOINT WARNING * * *
You feel sick. The hobgoblin barely misses you.
You slash the hobgoblin!
You kill the hobgoblin!
Trog accepts your kill.
* * * LOW HITPOINT WARNING * * *
You feel sick.
Your Fighting skill increases to level 4!
You hit the dart slug.
The dart slug is heavily wounded.
* * * LOW HITPOINT WARNING * * *
You feel sick.
Unknown command.
You slash the dart slug!
You kill the dart slug!
Trog accepts your kill.
You hit the quokka.
* * * LOW HITPOINT WARNING * * *
You feel sick. The quokka bites you.
You die...

#....................
.....#######..#######
≈.≈.≈≈.≈.......####
#≈≈.≈≈≈..........#
≈≈.≈≈♣.......###...
≈...≈........####..
≈≈.......##.†...##.
.≈≈#.≈♣≈.##......####.≈#
.≈≈≈≈≈≈........@†≈≈...≈.
≈.≈≈.###.##....r#)≈≈$.≈≈
≈..≈ ≈≈...........≈≈...
≈.♣ .≈#.##.....#.######
# # #.##.....##.#
#......... .. .........≈
... #..#####≈ .#..


You could see a quokka.

Vanquished Creatures
  A gnoll (D:1)
  A dart slug (D:1)
  2 hobgoblins (D:1)
  A kobold (D:1)
  A ball python (D:1)
  2 frilled lizards (D:1)
  A rat (D:1)
9 creatures vanquished.

Notes
Turn   | Place    | Note
-------+----------+-------------------------------------------
     0 | D:1      | sammy202020 the Minotaur Berserker began the quest for the
                  | Orb.
     0 | D:1      | Reached XP level 1. HP: 19/19 MP: 0/0
    57 | D:1      | Reached XP level 2. HP: 18/27 MP: 1/1
   247 | D:1      | Reached skill level 4 in Fighting
   248 | D:1      | Slain by a quokka

Illustrated notes

Levels and vault maps discovered:
D:1:      dpeg_arrival_water_temple_mockup, layout_rooms, serial_rivers,
          chequers_serial_rivers_large_b, chequers_serial_rivers_room_a,
          chequers_serial_rivers_marsh, chequers_serial_rivers_small_b,
          chequers_serial_rivers_micro_c

Skill      XL: |  1  2 |
---------------+-------+-----
Fighting       | 4 |  4.0
Axes           | |  3.9
Armour         | |  2.9
Dodging        | |  2.4

Action                   || total
-------------------------++-------
Melee: Hand axe          ||    20
       Headbutt          ||     3
       Punch             ||     1
Invok: Berserk           ||     1
Armor: Animal skin       ||     2
Dodge: Dodged            ||    10

Table legend: (Time is in decaauts)
 A = Elapsed time spent in this place.
 B = Non-inter-level travel time spent in this place.
 C = Inter-level travel time spent in this place.
 D = Time resting spent in this place.
 E = Time spent auto-exploring this place.
 F = Levels seen in this place.
 G = Mean time per level.
                   A        B        C        D        E       F      G
               +--------+--------+--------+--------+--------+-----+--------+
         Total |    250 |    250 |      0 |      0 |    204 |   1 |  250.0 |
       Dungeon |    250 |    250 |      0 |      0 |    204 |   1 |  250.0 |
               +--------+--------+--------+--------+--------+-----+--------+

Top non-repeatable levels by time:
     D:1: 250 daAuts
